 Dungeon Crawl Stone Soup version 0.27-a0-1200-g94dc6ad4cf (webtiles) character file.

Game seed: 9112075383392841551

50 funkygono the Firebug (level 3, 0/28 HPs)
             Began as a Gargoyle Fire Elementalist on May 31, 2021.
             Slain by Sigmund
             ... wielding a +0 scythe
              (17 damage)
             ... on level 2 of the Dungeon.
             The game lasted 00:03:22 (2337 turns).

funkygono the Firebug (Gargoyle Fire Elementalist)  Turns: 2337, Time: 00:03:23

Health: 0/28       AC:  7    Str: 11    XL:     3   Next: 79%
Magic:  6/6        EV: 12    Int: 16    God:
Gold:   82         SH:  0    Dex: 10    Spells: 2/6 levels left

rFire    . . .     SeeInvis .   f - +0 whip
rCold    . . .     Faith    .   (no shield)
rNeg     + . .     Spirit   .   a - +1 robe
rPois    ∞         Reflect  .   (no helmet)
rElec    +         Harm     .   (no cloak)
rCorr    .         Rampage  .   (no gloves)
Will     .....                  i - +0 pair of boots
Stlth    ..........             (no amulet)
HPRegen  0.09/turn              (no ring)
MPRegen  0.10/turn              (no ring)

@: berserking (expiring), very quick
A: sickness immunity, AC +3, negative energy resistance 1, electricity
resistance, torment resistance 1, petrification resistance
a: no special abilities


You were on level 2 of the Dungeon.
You visited 1 branch of the dungeon, and saw 2 of its levels.

You collected 82 gold pieces.

Inventory:

Hand Weapons
 f - a +0 whip (weapon)
Missiles
 e - 45 stones
Armour
 a - a +1 robe (worn)
 i - a +0 pair of boots (worn)
Magical Staves
 c - a staff of poison
Scrolls
 d - a scroll of identify {unknown}
 h - a scroll of teleportation {unknown}
Potions
 g - a potion of flight {unknown}


   Skills:
 + Level 1.8 Dodging
 - Level 2.1 Stealth
 * Level 2.4 Spellcasting
 * Level 1.8 Conjurations
 * Level 3.8 Fire Magic


You had 2 spell levels left.
You knew the following spells:

 Your Spells              Type           Power      Damage    Failure   Level
a - Foxfire               Conj/Fire      44%        2x1d6     6%          1
b - Conjure Flame         Conj/Fire      11%        6-21      19%         3

Your spell library contained the following spells:

 Spells                   Type           Power      Damage    Failure   Level
 Beastly Appendage        Tmut           2%         N/A       21%         1
 Wereblood                Tmut           1%         N/A       30%         2
 Inner Flame              Hex/Fire       8%         N/A       26%         3
 Spider Form              Tmut/Pois      0%         N/A       52%         3
 Sticky Flame             Conj/Fire      11%        2d3       52%         4
 Fireball                 Conj/Fire      5%         3d5       86%         5
 Ice Form                 Ice/Tmut       1%         N/A       89%         4
 Hydra Form               Tmut           0%         N/A       99%         5


Dungeon Overview and Level Annotations

Branches:
Dungeon (2/15)

Altars:

Annotations:
D:2 Sigmund


Innate Abilities, Weirdness & Mutations

You are immune to sickness and miasma.
Your stone body is resilient. (AC +3)
You are immune to poison.
You resist negative energy. (rN+)
You are resistant to electric shocks. (rElec)
You are resistant to unholy torment.
You are immune to petrification.


Message History

Found a stone staircase leading down.
Found a scale mail.
h - a scroll labelled XAEJEFIATH You see here a +0 scale mail.
Found a pair of boots.
You see here a +0 pair of boots.
i - a +0 pair of boots You start putting on your armour.
You continue putting on your +0 pair of boots. x4
You finish putting on your +0 pair of boots.
Unknown command.
Sigmund the Dreaded comes into view.
He is wielding a +0 scythe.
Sigmund shouts!
Sigmund casts a spell at you.
You are confused.
You bump into the rock wall.
Sigmund gestures at you while chanting.
You are more confused.
You're too confused to cast spells.
Sorry, you're not good enough to have a special ability.
Unknown command.
You bump into the rock wall.
Sigmund points at himself and mumbles some strange words.
Sigmund flickers and vanishes!
Deactivating autopickup; reactivate with Ctrl-A.
You bump into the rock wall.
You bump into the rock wall.
A magic dart appears from out of thin air!
The magic dart hits you!
It was a potion of berserk rage.
A red film seems to cover your vision as you go berserk!
You feel yourself moving faster!
You feel mighty! Something barely misses you.
You feel a strong urge to attack something.
You closely miss something. Something hits you.
You bump into the rock wall.
You feel less confused.
You barely miss something. You miss something. Something hits you!
Ouch! That really hurt!
You die...

#......# #.# #. #......#
#.# #. #......#######.# #.
#....÷÷........# #.
#####......######### #.
#...#......# #.
#...######.#### #.
####...###.......# #.
......>.{@.......# #.
##.#...###.......########.
#... #................
#... #.......########.
#### #.......###### #.
##.####......# #.
#.####.####.# #.
#......[..#.###.
#######.....<....


There were no monsters in sight!

Vanquished Creatures
  An adder (D:2)
  3 dart slugs (D:1)
  6 endoplasms (D:1)
  2 giant cockroaches
  A goblin (D:1)
  2 hobgoblins
  A jackal (D:1)
  3 ball pythons
  4 bats (D:1)
  2 frilled lizards
  6 kobolds
  4 rats
35 creatures vanquished.

Vanquished Creatures (others)
  88 foxfires
88 creatures vanquished.

Grand Total: 123 creatures vanquished

Notes
Turn   | Place    | Note
-------+----------+-------------------------------------------
     0 | D:1      | funkygono the Gargoyle Fire Elementalist began the quest
                  | for the Orb.
     0 | D:1      | Reached XP level 1. HP: 10/10 MP: 3/3
   247 | D:1      | Reached XP level 2. HP: 14/15 MP: 0/5
   869 | D:1      | Found a faded altar of an unknown god.
  1237 | D:1      | Reached XP level 3. HP: 15/19 MP: 3/6
  1969 | D:1      | Learned a level 3 spell: Conjure Flame
  2321 | D:2      | Noticed Sigmund
  2337 | D:2      | Slain by Sigmund

Illustrated notes

Levels and vault maps discovered:
D:1:      psy_arrival_radial02, layout_basic, hellmonk_ecumenical_altar_zigzags,
          minmay_pentomino_p4
D:2:      layout_basic, basic_altar, uniq_sigmund, uniq_natasha

Action                   || total
-------------------------++-------
Melee: Short sword       ||    11
       Whip              ||    10
 Cast: Foxfire           ||    53
  Use: Scroll            ||     3
       Potion            ||     1
Armor: Robe              ||    10
Dodge: Dodged            ||    23

Table legend: (Time is in decaauts)
 A = Elapsed time spent in this place.
 B = Non-inter-level travel time spent in this place.
 C = Inter-level travel time spent in this place.
 D = Time resting spent in this place.
 E = Time spent auto-exploring this place.
 F = Levels seen in this place.
 G = Mean time per level.
                   A        B        C        D        E       F      G
               +--------+--------+--------+--------+--------+-----+--------+
         Total |   2336 |   2306 |     30 |      8 |   1983 |   2 | 1168.0 |
       Dungeon |   2336 |   2306 |     30 |      8 |   1983 |   2 | 1168.0 |
               +--------+--------+--------+--------+--------+-----+--------+

Top non-repeatable levels by time:
     D:1: 2000 daAuts
     D:2: 335 daAuts
